 Dungeon Crawl Stone Soup version 0.23.2-1-ga50397a6bc (webtiles) character file.

Game seed: 4956912122176450554

30 MachJacob the Chiller (level 3, -4/26 HPs)
             Began as a Draconian Ice Elementalist on Apr 16, 2019.
             Slain by an ogre
             ... wielding a +0 giant spiked club
              (21 damage)
             ... on level 2 of the Dungeon on Apr 17, 2019.
             The game lasted 00:15:46 (1093 turns).

MachJacob the Chiller (Draconian Ice Elementalist)  Turns: 1093, Time: 00:15:46

Health: -4/26      AC:  5    Str: 10    XL:     3   Next: 5%
Magic:  6/6        EV: 12    Int: 16    God:
Gold:   50         SH:  0    Dex: 11    Spells: 3/6 levels left

rFire    . . .     SeeInvis .   (no weapon)
rCold    . . .     Gourm    .   (no shield)
rNeg     . . .     Faith    .   (armour unavailable)
rPois    .         Spirit   .   (helmet restricted)
rElec    .         Reflect  .   (no cloak)
rCorr    .         Harm     .   (no gloves)
MR       .....                  (no boots)
Stlth    ++........             (no amulet)
HPRegen  0.08/turn              (no ring)
MPRegen  0.10/turn              (no ring)

@: no status effects
A: unfitting armour, cold-blooded, AC +5
a: no special abilities


You were on level 2 of the Dungeon.
You were not hungry.

You visited 1 branch of the dungeon, and saw 2 of its levels.

You collected 50 gold pieces.

Inventory:

Jewellery
 f - an uncursed ring of ice {unknown}
Scrolls
 d - a scroll of remove curse {unknown}
 e - a scroll of amnesia {unknown}
 g - a scroll of random uselessness {unknown}
Potions
 a - a potion of might {unknown}
Comestibles
 b - a ration


   Skills:
 + Level 2.1 Dodging
 + Level 2.1 Stealth
 + Level 2.2 Spellcasting
 - Level 1.0 Conjurations
 * Level 3.5 Ice Magic


You had 3 spell levels left.
You knew the following spells:

 Your Spells              Type           Power        Failure   Level  Hunger
a - Freeze                Ice            ##..         4%          1    #......
b - Throw Frost           Conj/Ice       #.....       12%         2    ###....

Your spell library contained the following spells:

 Spells                   Type           Power        Failure   Level  Hunger
 Ozocubu's Armour         Chrm/Ice       #.......     28%         3    ###....
 Throw Icicle             Conj/Ice       #.......     61%         4    #####..
 Summon Ice Beast         Ice/Summ       #.......     67%         4    #####..


Dungeon Overview and Level Annotations

Branches:
Dungeon (2/15)

Altars:


Innate Abilities, Weirdness & Mutations

Your plain brown scales are hard. (AC +5)
You cannot fit into any form of body armour.
You are cold-blooded and may be slowed by cold attacks.


Message History

You start resting.
All of the chunks of flesh in your inventory have rotted away.
HP restored.
You climb downwards.
The ogre hits you with a +0 giant spiked club!
There is a stone staircase leading up, spattered with blood here.
A bat comes into view.
The bat closely misses you. The bat completely misses you.
The bat hits you but does no damage. x2; The bat closely misses you.
The bat barely misses you.
There is a stone staircase leading down here.
You see here a dart slug corpse.
The bat hits you. The bat hits you but does no damage. The bat misses you.
There is a stone staircase leading up, spattered with blood here.
The ogre hits you with a +0 giant spiked club!!
Ouch! That really hurt!
You die...

#)###.####....)..
#÷# #....#.#####.
#(###.##.#.......
#(....##.#.##.##.
###.####..÷...##.
####.######.......
#.b....# #.#####.
#O##.#.# #.. ..
#@##.#.#####.. ..
#........# ... ..
#..#.#.#.# ....
#......#.# .....
##.#..##.###......
#.##.##.....#
#.......###$#
####.##†###.
#.##.#..


You could see an ogre and a bat.

Vanquished Creatures
  An adder (D:1)
  A dart slug (D:2)
  A leopard gecko (D:1)
  3 giant cockroaches (D:1)
  2 goblins (D:1)
  2 hobgoblins
  2 bats
  5 kobolds
17 creatures vanquished.

Notes
Turn   | Place    | Note
-------+----------+-------------------------------------------
     0 | D:1      | MachJacob the Draconian Ice Elementalist began the quest
                  | for the Orb.
     0 | D:1      | Reached XP level 1. HP: 14/14 MP: 3/3
   259 | D:1      | Reached XP level 2. HP: 20/20 MP: 1/5
   361 | D:1      | Learned a level 2 spell: Throw Frost
   808 | D:2      | Noticed an ogre
   934 | D:1      | Reached XP level 3. HP: 20/26 MP: 2/6
  1093 | D:2      | Slain by an ogre

Skill      XL: |  1  2 |
---------------+-------+-----
Stealth        | 2 |  2.1
Dodging        | 2 |  2.1
Spellcasting   | |  2.2
Conjurations   | |  1.0
Ice Magic      | |  3.5

Action                   || total
-------------------------++-------
Melee: Unarmed           ||    11
       Tailslap          ||     1
 Cast: Freeze            ||    27
       Throw Frost       ||     5
  Eat: Chunk             ||     1
Armor: Skin              ||    14
Dodge: Dodged            ||    26
